 Dungeon Crawl Stone Soup version 0.19-a0-1827-g174f941 (webtiles) character file.

426861 champerdampers the Executioner (level 22, -3/184 HPs)
             Began as a Demonspawn Berserker on Oct 7, 2016.
             Was the Champion of Trog.
             Killed from afar by a titan (28 damage)
             ... with a bolt of lightning
             ... on level 5 of the Vaults.
             The game lasted 01:17:45 (40823 turns).

champerdampers the Executioner (DsBe)              Turns: 40823, Time: 01:17:46

Health: -3/184     AC: 37    Str: 26    XL:     22   Next: 76%
Magic:  0/7        EV: 20    Int: 14    God:    Trog [******]
Gold:   3888       SH:  0    Dex: 17    Spells: 0 memorised, 21 levels left

rFire  + . .     SeeInvis .     a - +9 executioner's axe (antimagic)
rCold  + + .     Gourm    .     i - +6 chain mail "Xeotodd" {rPois}
rNeg   . . .     Faith    .     (shield currently unavailable)
rPois  +         Spirit   +     j - +2 helmet
rElec  .         Dismiss  .     h - +0 cloak "Ileir" {rC+ Int+5 Stlth+}
rCorr  .         Reflect  .     q - +2 pair of gloves "Kuviaduo" {rPois Dex+3}
MR     ++++.     Harm     .     (boots unavailable)
Stlth  ..........               n - amulet of regeneration
                                o - ring of Qoityma {rPois rC+ MR+ Str+4 Dex-4}
                                f - +4 ring of protection

@: regenerating
A: hooves 3, molten scales 3, demonic guardian 3, augmentation 2, magic shield,
magic regeneration, magic link
a: Berserk, Trog's Hand, Brothers in Arms, Burn Spellbooks, Renounce Religion
}: 2/15 runes: decaying, serpentine


You were on level 5 of the Vaults.
You worshipped Trog.
Trog was exalted by your worship.
You were not hungry.

You visited 7 branches of the dungeon, and saw 39 of its levels.
You visited the Abyss 1 time.
You also visited: Bailey and Ice Cave.

You collected 6294 gold pieces.
You spent 2406 gold pieces at shops.

Inventory:

Hand Weapons
 a - a +9 antimagic executioner's axe (weapon)
 b - the +4 battleaxe "Wuxtost" {flame, rF+ Str-4 SInv Stlth+}
   (Trog gifted it to you on level 15 of the Dungeon)

   It has been specially enchanted to burn those struck by it, causing extra
   injury to most foes and up to half again as much damage against particularly
   susceptible opponents.
   Big, fiery blades are also staple armaments of hydra-hunters.
   It affects your strength (-4).
   It protects you from fire.
   It lets you see invisible.
   It makes you more stealthy.
Armour
 h - the +0 cloak "Ileir" (worn) {rC+ Int+5 Stlth+}
   (You bought it in a shop on level 2 of the Orcish Mines)

   It affects your intelligence (+5).
   It protects you from cold.
   It makes you more stealthy.
 i - the +6 chain mail "Xeotodd" (worn) {rPois}
   (You acquired it on level 5 of the Lair of Beasts)

   It protects you from poison.
 j - a +2 helmet (worn)
 q - the +2 pair of gloves "Kuviaduo" (worn) {rPois Dex+3}
   (You acquired it on level 3 of the Elven Halls)

   It affects your dexterity (+3).
   It protects you from poison.
Jewellery
 f - a +4 ring of protection (left hand)
 n - an amulet of regeneration (around neck)
 o - the ring of Qoityma (right hand) {rPois rC+ MR+ Str+4 Dex-4}
   (You took it off a deep elf demonologist on level 3 of the Elven Halls)

   [ring of protection from cold]

   It affects your strength (+4).
   It affects your dexterity (-4).
   It protects you from cold.
   It protects you from poison.
   It affects your resistance to hostile enchantments.
 w - a +4 ring of evasion
 P - an uncursed ring of ice
 S - an uncursed ring of see invisible
 U - an uncursed ring of protection from magic
 W - an uncursed ring of protection from fire
Wands
 v - a wand of paralysis (2/24)
 V - a wand of digging (7/24)
 Y - a wand of heal wounds (3/9)
Scrolls
 p - 8 scrolls of fog
 s - 4 scrolls of enchant weapon
 u - 11 scrolls of fear
 y - 9 scrolls of recharging
 A - 6 scrolls of enchant armour
 B - 21 scrolls of remove curse
 C - 14 scrolls of teleportation
 E - 14 scrolls of identify
 L - 2 scrolls of summoning
 R - 9 scrolls of blinking
Potions
 d - 7 potions of magic
 e - 18 potions of curing
 k - a potion of berserk rage
 l - 4 potions of might
 r - 6 potions of flight
 t - 4 potions of cancellation
 x - a potion of agility
 D - 10 potions of lignification
 F - 2 potions of invisibility
 K - 7 potions of haste
 M - 3 potions of heal wounds
 N - 2 potions of resistance
 O - 6 potions of cure mutation
 X - 5 potions of brilliance
Miscellaneous
 z - a fan of gales
 I - a disc of storms
 Q - a lamp of fire
Comestibles
 c - 17 bread rations
 g - 43 fruits
 m - 16 meat rations
 G - 14 royal jellies
 H - 14 beef jerkies
 J - a chunk of flesh


   Skills:
 + Level 18.0 Fighting
 * Level 22.9 Axes
 + Level 17.3 Armour
 + Level 16.5 Dodging
   Level 3.2 Shields


You had 21 spell levels left.
You didn't know any spells.

Dungeon Overview and Level Annotations

Branches:
Dungeon (15/15)            Temple (0/1) D:5            Lair (6/6) D:9
  Swamp (4/4) Lair:4        Snake (4/4) Lair:2        Slime (0/5) Lair:5
    Orc (2/2) D:11            Elf (3/3) Orc:2        Vaults (5/5) D:13
  Crypt (0/3) Vaults:3     Depths (0/5) D:15

Altars:
Ashenzari
Dithmenos
Hepliaklqana
Makhleb
Nemelex Xobeh
Okawaru
Qazlal
Trog
Yredelemnul
Zin
The Shining One
Beogh
Jiyva

Shops:
D:4 *   D:11 (   D:12 =   D:14 *   D:15 (   Orc:1 ?   Orc:2 [?[[   Snake:3 *

Annotations:
D:9 Prince Ribbit


Innate Abilities, Weirdness & Mutations

You have hooves in place of feet.
You are completely covered in molten scales. (AC +4, rF+)
A powerful demonic guardian rushes to your aid.
Your magical and physical power is enhanced at high health.
When hurt, damage is shared between your health and your magic reserves.
You regenerate magic rapidly.
When low on magic, you restore magic in place of health.


Message History

Your kick misses the titan.
The titan is heavily wounded.
The vault guard blocks your attack. The titan closely misses you.
Unknown command.
You slice the titan!!
The titan's magic leaks into the air.
The titan is severely wounded.
You barely miss the vault guard.
The vault guard hits you with a long sword.
* * * LOW HITPOINT WARNING * * *
The titan falters for a moment.
Unknown command.
You open the titan like a pillowcase!!!
You kill the titan!
Trog accepts your kill.
Trog appreciates your killing of a magic user.
You slash the vault guard! The vault guard blocks your attack.
The vault guard blocks your reaper's attack.
The titan gestures at you while chanting.
The bolt of lightning hits you!
You die...

######################
#...p.................
#..pp@2...............
#...)#################
#...C.5555... .
#..#..53.e... .
#..#).p#####. # #.
#)))# #. #.p.# # #...#
#....


You could see a titan, a vault warden, 2 vault guards and a friendly reaper.

Vanquished Creatures
  Mara (Swamp:3)
  the Lernaean hydra (Swamp:4)
  Bai Suzhen (Vaults:2)
  A golden dragon (Vaults:5)
  Rupert (D:15)
  Asterion (Snake:3)
  2 deep elf blademasters
  2 deep elf master archers (Elf:3)
  A titan (Vaults:5)
  3 tentacled starspawn (Abyss:2)
  Frances (Snake:1)
  4 tengu reavers
  2 shadow dragons
  A storm dragon (Vaults:5)
  5 thorn hunters
  Roxanne (Swamp:1)
  2 fire giants
  9 nagarajas
  6 deep elf sorcerers
  A draconian knight (Abyss:2)
  2 frost giants
  Aizul (Snake:1)
  14 vault wardens
  A ghoul (Vaults:3)
  6 deep elf elementalists (Elf:3)
  2 very ugly things (IceCv)
  15 ironheart preservers
  3 entropy weavers
  5 stone giants
  8 deep elf demonologists
  Nessos (D:13)
  6 deep elf annihilators
  Snorg (D:13)
  7 crystal guardians
  5 ettins
  5 deep elf death magi
  12 yaktaur captains
  Josephine (D:13)
  6 ogre magi
  3 fire dragons
  8 deep elf high priests
  An ice dragon (Vaults:3)
  Fannar (D:11)
  21 hydras
  11 naga warriors
  A ghost crab (Swamp:2)
  11 vault guards
  A rakshasa (D:15)
  A death knight (Vaults:3)
  The ghost of fatkid the Thaumaturge, a journeyman DESu of Sif Muna (D:15)
  7 centaur warriors
  9 anacondas
  27 dancing weapons
  2 deep troll shamans
  Erica (D:10)
  9 alligators
  2 thrashing horrors (Abyss:2)
  2 deep troll earth magi (Vaults:1)
  13 naga sharpshooters
  2 orc high priests (Orc:2)
  12 shock serpents
  Nergalle (D:11)
  21 deep elf knights
  Sonja (D:10)
  6 hell knights (Vaults:4)
  A wretched star (Abyss:2)
  2 shadow wraiths (Vaults:4)
  3 skeletal warriors
  A death drake (Abyss:2)
  2 glowing orange brains
  2 unseen horrors (D:13)
  6 salamander mystics
  25 deep trolls
  A spatial maelstrom (Abyss:2)
  The ghost of Kingduke777 the Shooter, a novice HuWn of Dithmenos (D:8)
  8 naga ritualists
  2 starcursed masses (Abyss:2)
  2 spriggan druids
  14 deep elf archers
  7 wizards
  2 flayed ghosts
  15 ironbrand convokers
  3 lindwurms
  2 wolf spider zombies
  4 hill giants
  14 swamp dragons
  A phantasmal warrior (Vaults:3)
  4 necromancers
  61 deep elf magi
  19 orc knights
  14 mana vipers
  7 orc sorcerers
  3 wolf spiders
  3 manticores
  A rust devil (Abyss:2)
  22 ugly things
  10 cyclopes
  10 salamanders
  5 ice statues (IceCv)
  2 fire giant skeletons (Vaults:3)
  52 black mambas
  6 vault sentinels
  23 naga magi
  2 smoke demons (Abyss:2)
  6 guardian serpents
  13 spiny frogs
  A gargoyle (D:12)
  An eye of devastation (shapeshifter) (Elf:2)
  6 torpor snails
  2 spiny frogs (shapeshifter)
  14 komodo dragons
  46 yaktaurs
  3 anaconda simulacra (IceCv)
  An ancient zyme (Abyss:2)
  3 freezing wraiths
  10 polar bears
  8 trolls
  A polar bear (shapeshifter) (Vaults:2)
  A tengu simulacrum (Vaults:4)
  3 meliai
  9 tyrant leeches
  14 hornets
  2 hornets (shapeshifter)
  6 two-headed ogres
  13 hippogriffs
  25 slime creatures
  10 blink frogs
  A harpy skeleton (D:14)
  3 bog bodies
  A dream sheep (shapeshifter) (Vaults:2)
  A hippogriff (shapeshifter) (Vaults:2)
  3 raiju (Lair:6)
  A fire giant simulacrum (Vaults:3)
  4 dream sheep (Lair:5)
  3 flying skulls (Abyss:2)
  3 air elementals
  A shapeshifter (Vaults:1)
  4 spriggans
  A spriggan (shapeshifter) (Vaults:5)
  The ghost of CanOfBees the Ruffian, an amateur TrMo (D:4)
  4 redbacks (Vaults:2)
  6 shadows
  5 water elementals
  A tarantella (Vaults:2)
  4 wyverns
  2 dire elephant simulacra (IceCv)
  2 ynoxinuls (Abyss:2)
  3 basilisks
  3 fire elementals
  A tarantella (shapeshifter) (Vaults:1)
  6 large abominations
  9 wraiths
  A golden eye (shapeshifter) (Vaults:1)
  41 yaks
  A neqoxec (Abyss:2)
  2 hogs (Swamp:3)
  15 vampire mosquitoes
  A hungry ghost (D:15)
  A harpy simulacrum (IceCv)
  2 spatial vortices (Abyss:2)
  2 mottled dragons
  19 swamp worms
  A swamp worm (shapeshifter) (D:15)
  16 insubstantial wisps
  46 nagas
  A soldier ant (shapeshifter) (Vaults:3)
  An iron troll simulacrum (IceCv)
  12 wargs
  16 water moccasins
  A hydra simulacrum (IceCv)
  7 hell hounds (Lair:6)
  45 orc warriors
  A floating eye (shapeshifter) (Vaults:1)
  21 swamp drakes
  A deep troll skeleton (Vaults:4)
  11 porcupines
  9 sky beasts
  14 ice beasts
  2 eyes of draining
  2 black bears (shapeshifter)
  14 black bears
  A necrophage (D:8)
  An ice dragon simulacrum (Vaults:1)
  6 phantoms
  31 ogres
  20 centaurs
  10 wolves (Lair:6)
  18 crocodiles
  An elf zombie (D:14)
  2 big kobolds (shapeshifter)
  A big kobold (D:12)
  18 bullfrogs
  8 gnoll sergeants
  5 small abominations
  3 earth elementals
  4 scorpions
  A troll zombie (D:14)
  A wyvern skeleton (D:13)
  An orc simulacrum (Vaults:2)
  4 wights (D:12)
  A howler monkey (D:8)
  An electric eel (Lair:1)
  7 crimson imps
  A bullfrog zombie (D:7)
  2 jellies
  A quasit (D:13)
  5 centaur zombies
  34 orc wizards
  7 human zombies
  20 orc priests
  4 centaur skeletons
  5 gnoll shamans (Bailey)
  18 hounds
  2 human skeletons
  An iron imp (Abyss:2)
  A bullfrog skeleton (D:12)
  Terence (D:2)
  12 iguanas
  8 worker ants
  2 mummies (D:14)
  2 howler monkey zombies (D:7)
  A worker ant zombie (D:5)
  A howler monkey skeleton (D:11)
  19 gnolls
  14 adders
  6 river rats (D:9)
  3 shadow imps
  A white imp (Abyss:2)
  An ufetubus (Vaults:1)
  An ooze (D:2)
  An adder zombie (D:9)
  An adder skeleton (D:4)
  5 worms
  8 dart slugs
  A leopard gecko (D:10)
  103 orcs
  4 giant cockroaches
  10 hobgoblins
  15 jackals
  8 kobolds
  2 quokkas
  5 bats
  6 frilled lizards
  6 goblins
  A jackal skeleton (D:4)
  7 rats
  14 briar patches
  2 bushes (Lair:3)
  2 crawling corpses (Vaults:5)
  2 fungi
  11 plants
1793 creatures vanquished.

Vanquished Creatures (collateral kills)
  Saint Roka (Elf:3)
  A golden dragon (Vaults:5)
  Nikola (Swamp:1)
  Kirke (Swamp:3)
  A fire giant (Vaults:2)
  A vault warden (Vaults:5)
  3 deep elf sorcerers (Elf:3)
  An orc warlord (Orc:2)
  2 ironheart preservers
  A war gargoyle (Vaults:4)
  A stone giant (Vaults:5)
  A deep elf annihilator (Vaults:2)
  2 crystal guardians (Elf:3)
  2 deep elf death magi
  A naga warrior (Snake:4)
  A vault guard (Vaults:5)
  An ogre mage (Vaults:3)
  6 hydras
  2 anacondas
  3 alligators
  2 centaur warriors
  A large abomination (Vaults:5)
  4 dancing weapons
  A deep troll earth mage (Vaults:2)
  An orc high priest (Orc:2)
  A naga sharpshooter (Snake:4)
  A deep elf knight (Vaults:5)
  An iron troll (D:13)
  4 skeletal warriors (D:13)
  A hill giant (D:14)
  A lindwurm (Snake:4)
  2 naga ritualists (Snake:4)
  A swamp dragon (Swamp:3)
  A deep elf archer (Vaults:3)
  5 deep elf magi
  A shadow dragon zombie (Vaults:3)
  A mana viper (Snake:4)
  An orc knight (Orc:2)
  2 orc sorcerers
  An oklob plant (Lair:3)
  A salamander (Snake:4)
  An ugly thing (D:13)
  3 black mambas
  A torpor snail (Lair:6)
  A guardian serpent (Snake:4)
  3 naga magi
  3 vault sentinels
  2 spiny frogs (Swamp:3)
  A komodo dragon (Lair:1)
  A human skeleton (Vaults:3)
  A wind drake (shapeshifter) (D:13)
  A bog body (Swamp:4)
  3 blink frogs (Lair:6)
  A hornet (Swamp:3)
  A slime creature (Swamp:3)
  A redback (shapeshifter) (Vaults:5)
  A redback (Vaults:5)
  2 spriggans
  A hog (Swamp:3)
  A dire elephant simulacrum (IceCv)
  12 yaks
  2 vampire mosquitoes (D:13)
  An insubstantial wisp (Swamp:3)
  4 nagas
  A swamp drake (Swamp:4)
  2 black bears (Lair:6)
  An ice beast (D:5)
  3 orc warriors
  A black bear (shapeshifter) (Vaults:5)
  An eye of draining (D:12)
  4 ogres
  2 crocodiles
  A gnoll sergeant (Bailey)
  3 bullfrogs
  A scorpion (D:7)
  A gnoll shaman (Bailey)
  2 orc wizards (Orc:2)
  2 gnolls (Bailey)
  8 orcs
  3 briar patches
151 creatures vanquished.

Vanquished Creatures (others)
  A lindwurm (Snake:4)
  A deep elf mage (Elf:3)
  A spiny frog (Swamp:1)
  A water elemental (Elf:3)
  An insubstantial wisp (Swamp:3)
  2 nagas
  An orc priest (Elf:3)
  A jelly (D:8)
  A shadow imp (D:10)
  4 briar patches
  2 fungi (D:9)
  21 plants
  8 starspawn tentacles (Abyss:2)
45 creatures vanquished.

Grand Total: 1989 creatures vanquished

Notes
Turn   | Place    | Note
-------+----------+-------------------------------------------
     0 | D:1      | champerdampers the Demonspawn Berserker began the quest for the Orb.
     0 | D:1      | Reached XP level 1. HP: 18/18 MP: 1/1
     0 | D:1      | Noticed a vine stalker
     0 | D:1      | Noticed an octopode
     4 | D:1      | Noticed a spriggan
     6 | D:1      | Noticed a naga
     8 | D:1      | Noticed a troll
    17 | D:1      | Noticed a spriggan
    17 | D:1      | Noticed a troll
    19 | D:1      | Noticed a minotaur
    73 | D:1      | Reached skill level 3 in Axes
    93 | D:1      | Gained mutation: When hurt, damage is shared between your health and your magic reserves. [demonic ancestry]
    93 | D:1      | Reached XP level 2. HP: 19/24 MP: 2/2
  1120 | D:2      | Found a shadowy altar of Dithmenos.
  1125 | D:2      | Noticed Terence
  1134 | D:2      | Killed Terence
  1134 | D:2      | Reached XP level 3. HP: 29/29 MP: 3/3
  1222 | D:2      | Reached ** piety under Trog
  1409 | D:2      | Gained mutation: You have large cloven feet. [demonic ancestry]
  1409 | D:2      | Reached XP level 4. HP: 20/35 MP: 1/4
  1413 | D:2      | Reached skill level 4 in Axes
  1940 | D:3      | Gained mutation: A weak demonic guardian rushes to your aid. [demonic ancestry]
  1940 | D:3      | Reached XP level 5. HP: 41/41 MP: 5/5
  2106 | D:3      | Found a shattered altar of Ashenzari.
  2983 | D:4      | Found Zoplil's Assorted Antiques.
  3001 | D:4      | Noticed CanOfBees's ghost (amateur TrMo)
  3008 | D:4      | Reached skill level 5 in Axes
  3015 | D:4      | Killed CanOfBees's ghost
  3015 | D:4      | Reached XP level 6. HP: 47/47 MP: 6/6
  3148 | D:4      | Bought a scroll of teleportation for 54 gold pieces
  3148 | D:4      | Bought a scroll of teleportation for 54 gold pieces
  3148 | D:4      | Bought a clear potion for 16 gold pieces
  3148 | D:4      | Bought a smoky red potion for 16 gold pieces
  3176 | D:4      | Found a glowing golden altar of the Shining One.
  3611 | D:5      | Entered Level 5 of the Dungeon
  3748 | D:5      | Reached skill level 6 in Axes
  3783 | D:5      | Reached *** piety under Trog
  3783 | D:5      | Gained mutation: You have hoof-like feet. [demonic ancestry]
  3783 | D:5      | Reached XP level 7. HP: 52/52 MP: 7/7
  3879 | D:5      | Found a staircase to the Ecumenical Temple.
  3909 | D:5      | Reached skill level 5 in Armour
  3944 | D:5      | Reached skill level 7 in Axes
  3981 | D:5      | Gained mutation: You have hooves in place of feet. [demonic ancestry]
  3981 | D:5      | Reached XP level 8. HP: 53/58 MP: 6/8
  4701 | D:6      | Found a hazy altar of Hepliaklqana.
  4990 | D:6      | Reached skill level 8 in Axes
  5614 | D:7      | Found a glowing silver altar of Zin.
  5742 | D:7      | Reached **** piety under Trog
  5817 | D:7      | Gained mutation: A demonic guardian rushes to your aid. [demonic ancestry]
  5817 | D:7      | Reached XP level 9. HP: 61/64 MP: 6/9
  5974 | D:8      | Reached skill level 9 in Axes
  6030 | D:8      | Found a burning altar of Makhleb.
  6223 | D:8      | Noticed Kingduke777's ghost (novice HuWn)
  6232 | D:8      | Found a flagged portal.
  6243 | D:8      | Killed Kingduke777's ghost
  6248 | Bailey   | Entered a bailey
  7070 | D:8      | Reached skill level 10 in Axes
  7182 | D:8      | Reached skill level 5 in Fighting
  7394 | D:9      | Reached ***** piety under Trog
  7394 | D:9      | Gained mutation: You are partially covered in molten scales. (AC +2) [demonic ancestry]
  7394 | D:9      | Reached XP level 10. HP: 71/72 MP: 8/10
  7544 | D:9      | Noticed Prince Ribbit
  7730 | D:9      | Found an iron altar of Okawaru.
  7892 | D:9      | Found a staircase to the Lair.
  7926 | D:9      | Reached skill level 5 in Dodging
  8262 | D:10     | Entered Level 10 of the Dungeon
  8370 | D:10     | Found a sparkling altar of Nemelex Xobeh.
  8419 | D:10     | Reached skill level 1 in Shields
  8453 | D:10     | Noticed Erica
  8726 | D:10     | Killed Erica
  8726 | D:10     | Reached skill level 11 in Axes
  8777 | D:10     | Noticed Sonja
  8784 | D:10     | Killed Sonja
  8784 | D:10     | Gained mutation: You are mostly covered in molten scales. (AC +3) [demonic ancestry]
  8784 | D:10     | Reached XP level 11. HP: 73/81 MP: 11/11
  8822 | D:10     | Received a gift from Trog
  9154 | D:10     | Noticed a hill giant
  9161 | D:10     | Killed a hill giant
  9454 | D:11     | Found Ijeemutoc's Weapon Boutique.
  9519 | D:11     | Noticed Fannar
  9532 | D:11     | Noticed Nergalle
  9533 | D:11     | Killed Fannar
  9544 | D:11     | Killed Nergalle
  9544 | D:11     | Reached skill level 12 in Axes
  9765 | D:11     | Noticed an orc knight
  9768 | D:11     | Killed an orc knight
  9917 | D:11     | Found a roughly hewn altar of Beogh.
  9917 | D:11     | Found a staircase to the Orcish Mines.
  9918 | D:11     | Noticed an orc knight
  9956 | D:10     | Killed an orc knight
 10066 | D:11     | Gained mutation: You are completely covered in molten scales. (AC +4, rF+) [demonic ancestry]
 10066 | D:11     | Reached XP level 12. HP: 89/89 MP: 12/12
 10231 | D:11     | Received a gift from Trog
 10617 | D:12     | Found Wogeghec's Jewellery Boutique.
 10623 | D:12     | Bought an uncursed ring of see invisible for 210 gold pieces
 10626 | D:12     | Bought a +4 ring of evasion for 504 gold pieces
 10635 | D:12     | Received a gift from Trog
 11275 | D:13     | Noticed Josephine
 11286 | D:13     | Killed Josephine
 11289 | D:13     | Reached skill level 13 in Axes
 11373 | D:13     | Paralysed by a hornet for 1 turns
 11375 | D:13     | Paralysed by a hornet for 1 turns
 11380 | D:13     | Noticed a seven-headed hydra
 11385 | D:13     | Killed a seven-headed hydra
 11390 | D:13     | Reached skill level 10 in Armour
 11566 | D:13     | Gained mutation: You regenerate magic rapidly. [demonic ancestry]
 11566 | D:13     | Reached XP level 13. HP: 37/98 MP: 6/13
 11722 | D:13     | Noticed Snorg
 11780 | D:12     | Received a gift from Trog
 11780 | D:12     | Reached ****** piety under Trog
 11794 | D:12     | Got a fine executioner's axe {god gift}
 11796 | D:12     | Identified the +3 executioner's axe "Arcanum" {freeze, *Rage rN+ Str+3 Dex+3} (Trog gifted it to you on level 12 of the Dungeon)
 11901 | D:13     | Killed Snorg
 11906 | D:13     | Noticed Nessos
 11921 | D:13     | Killed Nessos
 12129 | D:13     | Found a gate to the Vaults.
 12374 | D:14     | Reached skill level 14 in Axes
 12727 | D:14     | Found a basalt altar of Yredelemnul.
 12889 | D:14     | Found Ismol's General Store.
 12895 | D:14     | Bought a scroll of enchant weapon for 112 gold pieces
 12895 | D:14     | Bought a scroll of identify for 30 gold pieces
 12913 | D:15     | Entered Level 15 of the Dungeon
 12949 | D:15     | Noticed fatkid's ghost (journeyman DESu)
 13056 | D:15     | Received a gift from Trog
 13307 | D:15     | Killed fatkid's ghost
 13318 | D:15     | Got a faintly glowing battleaxe {god gift}
 13319 | D:15     | Identified the +4 battleaxe "Wuxtost" {flame, rF+ Str-4 SInv Stlth+} (Trog gifted it to you on level 15 of the Dungeon)
 13351 | D:15     | Reached skill level 10 in Fighting
 13393 | D:15     | Found Ceetupyi's Antique Weapon Shop.
 13570 | D:15     | Gained mutation: Your magical and physical power is slightly enhanced at high health. [demonic ancestry]
 13570 | D:15     | Reached XP level 14. HP: 90/108 MP: 12/14
 13667 | D:15     | Found a staircase to the Depths.
 13839 | D:15     | Noticed Rupert
 13848 | D:15     | Killed Rupert
 14125 | D:15     | Reached skill level 15 in Axes
 14165 | D:15     | Got a crude ruby amulet
 14166 | D:15     | Identified the amulet "Tuebakk" {Inacc MR++ Str+3} (You found it on level 15 of the Dungeon)
 14341 | Lair:1   | Entered Level 1 of the Lair of Beasts
 14477 | Lair:1   | You fall through a shaft!
 14490 | Lair:2   | Found a staircase to the Snake Pit.
 14496 | Lair:2   | Received a gift from Trog
 14866 | Lair:2   | Reached skill level 10 in Dodging
 14881 | Lair:1   | Received a gift from Trog
 16574 | Lair:4   | Found a staircase to the Swamp.
 17546 | Lair:5   | Found a staircase to the Slime Pits.
 17546 | Lair:5   | Found a viscous altar of Jiyva.
 17612 | Lair:5   | Received a gift from Trog
 17745 | Lair:5   | Identified a scroll of acquirement
 17746 | Lair:5   | Got an ancient chain mail
 17757 | Lair:5   | Identified the +6 chain mail "Xeotodd" {rPois} (You acquired it on level 5 of the Lair of Beasts)
 18068 | Lair:6   | Entered Level 6 of the Lair of Beasts
 18192 | Lair:6   | Reached XP level 15. HP: 113/117 MP: 12/15
 18462 | Lair:6   | Found a runed door.
 18559 | Lair:6   | Reached skill level 16 in Axes
 18560 | Lair:6   | Paralysed by a hornet for 2 turns
 18948 | Lair:6   | Received a gift from Trog
 19457 | Swamp:1  | Entered Level 1 of the Swamp
 19486 | Swamp:1  | Received a gift from Trog
 19557 | Swamp:1  | Noticed Roxanne
 19573 | Swamp:1  | Killed Roxanne
 20032 | Swamp:1  | Noticed Nikola
 20040 | Swamp:1  | Killed Nikola
 20259 | Swamp:2  | Noticed a thorn hunter
 20498 | Swamp:2  | Killed a thorn hunter
 20943 | Swamp:2  | Gained mutation: When low on magic, you restore magic in place of health. [demonic ancestry]
 20943 | Swamp:2  | Reached XP level 16. HP: 125/125 MP: 5/16
 21009 | Swamp:3  | Noticed Mara
 21012 | Swamp:3  | Noticed champerdampers's illusion
 21159 | Swamp:3  | Killed Mara
 21159 | Swamp:3  | Received a gift from Trog
 21159 | Swamp:3  | Reached skill level 17 in Axes
 21193 | Swamp:3  | Noticed Kirke
 21213 | Swamp:3  | Killed Kirke
 21227 | Swamp:3  | Got a translucent broad axe
 21232 | Swamp:3  | Identified the +4 broad axe "Putofeph" {pain, Dex+6} (You found it on level 3 of the Swamp)
 21379 | Swamp:3  | Noticed a thorn hunter
 21388 | Swamp:3  | Killed a thorn hunter
 21389 | Swamp:3  | Noticed a thorn hunter
 21400 | Swamp:3  | Killed a thorn hunter
 21642 | Swamp:3  | Paralysed by a hornet for 1 turns
 21678 | Swamp:3  | Noticed a thorn hunter
 21686 | Swamp:3  | Killed a thorn hunter
 21992 | Swamp:4  | Entered Level 4 of the Swamp
 21992 | Swamp:4  | Noticed a thorn hunter
 21998 | Swamp:4  | Killed a thorn hunter
 22475 | Swamp:4  | Noticed the 27-headed Lernaean hydra
 22505 | Swamp:4  | Killed the 24-headed Lernaean hydra
 22628 | Swamp:4  | Got a decaying rune of Zot
 23018 | Snake:1  | Entered Level 1 of the Snake Pit
 23039 | Snake:1  | Reached XP level 17. HP: 103/137 MP: 4/17
 23131 | Snake:1  | Noticed Aizul
 23142 | Snake:1  | Killed Aizul
 23142 | Snake:1  | Received a gift from Trog
 23219 | Snake:1  | Reached skill level 18 in Axes
 23497 | Snake:1  | Noticed Frances
 23506 | Snake:1  | Killed Frances
 24429 | Snake:2  | Received a gift from Trog
 25469 | Snake:3  | Found a stormy altar of Qazlal.
 25807 | Snake:3  | Found Mupeapna's General Store.
 25937 | Snake:3  | Bought a potion of might for 60 gold pieces
 25937 | Snake:3  | Bought a scroll of identify for 30 gold pieces
 26131 | Snake:3  | Noticed Asterion
 26140 | Snake:3  | Killed Asterion
 26171 | Snake:4  | Entered Level 4 of the Snake Pit
 26822 | Snake:4  | Received a gift from Trog
 26833 | Snake:4  | Gained mutation: A powerful demonic guardian rushes to your aid. [demonic ancestry]
 26833 | Snake:4  | Reached XP level 18. HP: 90/146 MP: 6/18
 27351 | Snake:4  | Reached skill level 19 in Axes
 27793 | Snake:4  | Received a gift from Trog
 28172 | Snake:4  | Received a gift from Trog
 28601 | Snake:4  | Got a serpentine rune of Zot
 28914 | Orc:1    | Entered Level 1 of the Orcish Mines
 28970 | Orc:1    | Found Kihif's Magic Scroll Boutique.
 28979 | Orc:1    | Bought a scroll of recharging for 114 gold pieces
 28979 | Orc:1    | Bought a scroll of identify for 24 gold pieces
 28979 | Orc:1    | Bought a scroll of identify for 24 gold pieces
 28979 | Orc:1    | Bought a scroll of fog for 24 gold pieces
 28979 | Orc:1    | Bought a scroll of fog for 24 gold pieces
 28979 | Orc:1    | Bought a scroll of identify for 24 gold pieces
 28979 | Orc:1    | Bought a scroll of teleportation for 36 gold pieces
 28979 | Orc:1    | Bought a scroll of blinking for 90 gold pieces
 29120 | Orc:2    | Entered Level 2 of the Orcish Mines
 29306 | Orc:2    | Found a staircase to the Elven Halls.
 29327 | Orc:2    | Found a roughly hewn altar of Beogh.
 29497 | Orc:2    | Received a gift from Trog
 29816 | Orc:2    | Found Fabbotin's Antique Armour Shoppe.
 29816 | Orc:2    | Found Qarch's Antique Armour Shop.
 29818 | Orc:2    | Found Qemi's Antique Armour Shoppe.
 29818 | Orc:2    | Found Epneusimim's Magic Scroll Shop.
 29827 | Orc:2    | Bought a scroll of blinking for 120 gold pieces
 29827 | Orc:2    | Bought a scroll of teleportation for 48 gold pieces
 29829 | Orc:2    | Bought a crude cloak for 237 gold pieces
 29839 | Orc:2    | Identified the +0 cloak "Ileir" {rC+ Int+5 Stlth+} (You bought it in a shop on level 2 of the Orcish Mines)
 29845 | Orc:2    | Bought a jewelled chain mail for 285 gold pieces
 29845 | Orc:2    | Bought an ichor-stained ring mail for 270 gold pieces
 29855 | Orc:2    | Identified the +6 chain mail of the Ecumenical Temple {-Tele Str+6 Int+9 Dex-5} (You bought it in a shop on level 2 of the Orcish Mines)
 29866 | Orc:2    | Identified the cursed +1 ring mail of the Blacksmith {Regen+ rCorr Int+6 Dex-4} (You bought it in a shop on level 2 of the Orcish Mines)
 30111 | Orc:2    | Reached skill level 15 in Fighting
 30144 | Orc:2    | Found a bloodstained altar of Trog.
 30338 | Elf:1    | Entered Level 1 of the Elven Halls
 30347 | Elf:1    | Received a gift from Trog
 30444 | Elf:1    | Found a frozen archway.
 30454 | IceCv    | Entered an ice cave
 30765 | IceCv    | Got an ebony falchion
 30768 | IceCv    | Identified the +3 falchion of the Eleven Hells {flame, *Noise rF+ MP+9 Stlth+} (You found it in an ice cave)
 30877 | Elf:1    | Reached XP level 19. HP: 145/155 MP: 6/19
 31618 | Elf:2    | Received a gift from Trog
 31709 | Elf:2    | Reached skill level 15 in Armour
 32059 | Elf:2    | Found a runed gate.
 32059 | Elf:2    | Found a runed gate.
 32060 | Elf:2    | Found a runed gate.
 32074 | Elf:2    | Reached skill level 20 in Axes
 32284 | Elf:2    | Received a gift from Trog
 32674 | Elf:3    | Entered Level 3 of the Elven Halls
 33342 | Elf:3    | Received a gift from Trog
 33353 | Elf:3    | Noticed Saint Roka
 33398 | Elf:3    | Killed Saint Roka
 33415 | Elf:3    | Noticed a Brimstone Fiend
 33632 | Elf:3    | Got a pair of shimmering gloves
 33653 | Elf:3    | Identified the +2 pair of gloves "Kuviaduo" {rPois Dex+3} (You acquired it on level 3 of the Elven Halls)
 33750 | Elf:3    | Noticed a Tzitzimitl
 34186 | Elf:3    | Got a crude golden amulet
 34195 | Elf:3    | Reached XP level 20. HP: 109/164 MP: 6/20
 34367 | Elf:3    | Received a gift from Trog
 34374 | Elf:3    | Got a smoking bronze ring
 34418 | Elf:3    | Got an ichor-stained demon trident {god gift}
 34419 | Elf:3    | Identified the +5 demon trident "Ceozxeu" {speed, rElec} (Trog gifted it to you on level 3 of the Elven Halls)
 34420 | Elf:3    | Identified the amulet "Xoush" {Harm *Drain rElec Slay+3} (You took it off a deep elf annihilator on level 3 of the Elven Halls)
 34421 | Elf:3    | Identified the ring "Bayryit" {MP+9 Int+3 Dex+4 Stlth+} (You took it off a deep elf high priest on level 3 of the Elven Halls)
 34438 | Elf:3    | Got a flickering bronze ring
 34484 | Elf:3    | Identified the ring "Boowal" {rCorr -Tele rN++} (You took it off a deep elf sorcerer on level 3 of the Elven Halls)
 34493 | Elf:3    | Cast into level 2 of the Abyss (a deep elf sorcerer)
 35052 | Elf:3    | Escaped the Abyss
 35111 | Elf:3    | Reached skill level 21 in Axes
 35119 | Elf:3    | Got a smoking bone ring
 35164 | Elf:3    | Received a gift from Trog
 35647 | Vaults:1 | Entered Level 1 of the Vaults
 35709 | Vaults:1 | Reached skill level 15 in Dodging
 35750 | Vaults:1 | Identified the ring of Qoityma {rPois rC+ MR+ Str+4 Dex-4} (You took it off a deep elf demonologist on level 3 of the Elven Halls)
 36263 | Vaults:1 | Received a gift from Trog
 36944 | Vaults:2 | Received a gift from Trog
 37136 | Vaults:2 | Gained mutation: Your magical and physical power is enhanced at high health. [demonic ancestry]
 37136 | Vaults:2 | Reached XP level 21. HP: 149/172 MP: 7/21
 37514 | Vaults:2 | Noticed Bai Suzhen
 37523 | Vaults:2 | Killed Bai Suzhen
 37753 | Vaults:2 | Received a gift from Trog
 38214 | Vaults:3 | Found a staircase to the Crypt.
 38425 | Vaults:3 | Received a gift from Trog
 38724 | Vaults:3 | Reached skill level 22 in Axes
 38744 | Vaults:3 | Received a gift from Trog
 38800 | Vaults:3 | Got an ancient ring mail
 38811 | Vaults:3 | Identified the cursed +1 ring mail "Sotsas" {MR+} (You found it on level 3 of the Vaults)
 39458 | Vaults:4 | Received a gift from Trog
 39467 | Vaults:4 | Reached XP level 22. HP: 49/182 MP: 5/22
 40194 | Vaults:4 | Received a gift from Trog
 40522 | Vaults:5 | Entered Level 5 of the Vaults
 40550 | Vaults:5 | Noticed a golden dragon
 40551 | Vaults:5 | Noticed a golden dragon
 40556 | Vaults:5 | Killed a golden dragon
 40557 | Vaults:5 | Killed a golden dragon
 40604 | Vaults:5 | Received a gift from Trog
 40819 | Vaults:5 | HP: 4/184 [titan (24)]
 40823 | Vaults:5 | Killed from afar by a titan

Vault maps used:
D:1:      shiori_arrival_whats_in_store_for_you, serial_forest,
          infiniplex_forest_lined_2, infiniplex_forest_corner_2,
          infiniplex_forest_straight_5, infiniplex_forest_lined_2,
          infiniplex_forest_straight_2, infiniplex_forest_clump_tiny,
          infiniplex_forest_clump_large, infiniplex_forest_end_1,
          nrook_mini_backslash
D:2:      grunt_dithmenos_smoke_and_mirrors, uniq_terence
D:3:      nicolae_overflow_crystal_walls, first_bread
D:4:      serial_shops, nicolae_shop_waterfront, minmay_misc_feat_doors,
          kennysheep_flooded_box
D:5:      kennysheep_generic_room_6
D:6:      basic_altar
D:7:      zin_scriptorium, kennysheep_nub, the_bakery
D:8:      kennysheep_little_box, enter_bailey_3, lemuel_flamethrower_2
D:9:      okawaru_ov_weapons_minmay, minmay_lair_entry_grove,
          uniq_prince_ribbit1
D:10:     st_stairs_3, minmay_tree_intersection,
          nemelex_xobeh_ov_fountains_minmay, uniq_sonja, uniq_erica
D:11:     david_orc_5, serial_shops, shop, uniq_nergalle, uniq_fannar
D:12:     serial_shops, nicolae_shop_crystal
D:13:     david_vaults_4, uniq_snorg, uniq_josephine, uniq_nessos
D:14:     lemuel_mausoleum_altar_yredelemnul, serial_shops, nicolae_shop_trees
D:15:     grunt_enter_depths_snipers, serial_shops,
          nicolae_shop_overgrown_old_shop, minmay_misc_feat_chi, uniq_rupert
Lair:1:   beast_lair_carwin_large_3, infiniplex_staircase_pool_2,
          grunt_megastairs_5, lemuel_fruit_tree, serial_bayou_shore_a
Lair:2:   guppyfry_snake_entry_garden
Lair:3:   minmay_lair_oklob_bushes
Lair:4:   minmay_swamp_entry_reptiles
Lair:5:   slime_altar_1, grunt_megastairs_2
Lair:6:   hangedman_lair_caniforms_friends, wormcave, st_stairs_12,
          infiniplex_staircase_pool, grunt_megastairs_4, lemuel_fruit_fields
Swamp:1:  serial_swamp_ruin, evilmike_swamp_ruin_house_1,
          hangedman_swamp_ruin_wall, swamp_pool1, uniq_roxanne, uniq_nikola
Swamp:2:  nicolae_swamp_very_dense_foliage, swamp_pool5
Swamp:3:  nicolae_swamp_round_clearing, swamp_pool5, uniq_kirke, uniq_mara
Swamp:4:  swamp_old_school
Snake:1:  st_stairs_11, serial_bayou_shore_b, uniq_frances, uniq_aizul
Snake:3:  basic_altar, serial_shops, nicolae_shop_trees, grunt_ministairs_15,
          uniq_asterion
Snake:4:  snake_pit_salamanders_mu, nicolae_coiled_stairwell_up
Orc:1:    serial_shops, shop_scrolls
Orc:2:    grunt_orc_tribal_feast, basic_altar, bloody_trog
Elf:1:    elf_arrival_001, portal_ice_cave_entry_pillars_2,
          minmay_elf_annihilation
Elf:3:    minmay_elf_hall_golems, minivault_25_ag, uniq_saint_roka
Vaults:1: vaults_mumra_chevron_long, nicolae_vaults_triangles,
          nicolae_vaults_murderbox, v_misc_16, nicolae_vaults_mini_display_case,
          vaults_dpeg_hooks, serial_ice_h, hangedman_vaults_cutoff,
          ontoclasm_vaults_decontamination
Vaults:2: ontoclasm_vaults_ring_square, v_misc_15, vaults_room_pool, v_misc_27,
          nicolae_vaults_little_squares_6, ontoclasm_vaults_gateway, v_rooms_2,
          nicolae_vaults_border_crossing, vaults_room_hallway,
          nicolae_vaults_little_squares_2, vaults_room_fours,
          ontoclasm_vaults_gallery, vaults_dpeg_ring, uniq_bai_suzhen
Vaults:3: minmay_crypt_entry_simple_plaza, nicolae_vaults_network_barrier,
          ontoclasm_vaults_idyll, v_misc_22, nicolae_vaults_circle_grid_b,
          nicolae_vaults_rhombus_5, v_pattern_3,
          nicolae_vaults_little_squares_4, v_misc_8, nicolae_vaults_network_s,
          ontoclasm_vaults_loading_screen, nicolae_vaults_circle_grid_b,
          vaults_standard_mumra_enter_the_diamond
Vaults:4: dpeg_vaults_monster_box, dpeg_vaults_monster_row, v_misc_26,
          v_misc_29, nicolae_vaults_c_with_doors, vaults_room_door_hall,
          ontoclasm_vaults_twist, nicolae_vaults_yaktaur_gun_rack,
          vaults_room_fancy_cross, grunt_vaults_hallway_short
Vaults:5: uniq_margery
Abyss:2:  hangedman_abyss_exit_choices
Bailey:   bailey_polearm_gnolls_kennysheep, bailey
IceCv:    ice_cave_statue_garden_chambered

Skill      XL: |  1  2  3  4  5  6  7  8  9 10 11 12 13 14 15 16 17 18 19 20 21 22 |
---------------+-------------------------------------------------------------------+-----
Armour         | 2 3 4 5 6 7 8 9 10 11 12 13 14 15 16 17 | 17.3
Axes           | 3 4 5 6 7 8 10 11 12 13 14 15 16 17 18 19 20 21 22 | 22.9
Dodging        | 2 4 5 6 8 9 10 11 12 13 14 15 16 | 16.5
Fighting       | 5 6 7 8 10 11 12 13 14 15 16 17 18 | 18.0
Shields        | 2 3 |  3.2

Action                   |  1- 3 |  4- 6 |  7- 9 | 10-12 | 13-15 | 16-18 | 19-21 | 22-24 || total
-------------------------+-------+-------+-------+-------+-------+-------+-------+-------++-------
Melee: Hand axe          |   121 |   259 |   145 |       |       |       |       |       ||   525
       Whip              |       |       |   365 |   288 |       |       |       |       ||   653
       Kick              |       |       |   155 |   237 |   427 |   474 |   516 |   117 ||  1926
       Executioner's axe |       |       |       |   398 |  1182 |  1187 |  1271 |   274 ||  4312
       Scimitar          |       |       |       |     2 |     2 |       |       |       ||     4
       Battleaxe         |       |       |       |       |    64 |    86 |       |       ||   150
Invok: Berserk           |     1 |     3 |     1 |     6 |     2 |     1 |     1 |       ||    15
       Trog's Hand       |       |     1 |     1 |     6 |     3 |     6 |     6 |     3 ||    26
       Burn Spellbooks   |       |       |       |     1 |     8 |     3 |     5 |       ||    17
       Brothers in Arms  |       |       |       |       |       |       |     2 |       ||     2
Evoke: Wand              |       |       |     5 |     1 |       |     5 |     1 |     1 ||    13
  Use: Scroll            |     6 |       |     1 |    12 |    26 |    10 |    14 |     1 ||    70
       Potion            |       |       |       |       |     3 |     7 |     1 |     3 ||    14
 Stab: Sleeping          |     2 |       |       |       |       |       |       |       ||     2
       Distracted        |       |       |     3 |       |     3 |     7 |     8 |     2 ||    23
       Paralysed         |       |       |     1 |     3 |       |       |       |       ||     4
       Invisible         |       |       |       |       |       |     2 |       |       ||     2
       Confused          |       |       |       |       |       |     1 |       |       ||     1
  Eat: Chunk             |     3 |    10 |    11 |    24 |    34 |    25 |    29 |     4 ||   140
       Pizza             |       |     1 |     1 |       |       |     2 |       |     1 ||     5
       Royal jelly       |       |       |       |       |     3 |       |       |       ||     3
       Meat ration       |       |       |       |       |       |     2 |     1 |     1 ||     4
Armor: Animal skin       |    12 |       |       |       |       |       |       |       ||    12
       Scale mail        |    25 |   111 |       |       |       |       |       |       ||   136
       Ring mail         |       |     9 |   204 |   296 |   345 |       |       |       ||   854
       Chain mail        |       |       |       |       |   362 |   860 |   596 |   145 ||  1963
Dodge: Dodged            |    53 |   154 |   289 |   561 |  1513 |  1536 |  1032 |   238 ||  5376
Block: Buckler           |       |       |       |    13 |       |       |       |       ||    13
       Rpst.: Scimitar   |       |       |       |     2 |       |       |       |       ||     2
